 Dungeon Crawl Stone Soup version 0.17.1-3-g152610e (webtiles) character file.

330 Peloso the Covered (level 6, -7/53 HPs)
             Began as a Minotaur Fighter on Apr 22, 2016.
             Mangled by an ogre
             ... wielding a +0 giant club
              (21 damage)
             ... on level 4 of the Dungeon.
             The game lasted 00:08:24 (2405 turns).

Peloso the Covered (Minotaur Fighter)               Turns: 2405, Time: 00:08:24

Health: -7/53      AC: 15    Str: 20      XL:     6   Next: 26%
Magic:  5/5        EV:  4    Int:  4 (5)  God:
Gold:   154        SH:  0    Dex: 12      Spells: 0 memorised, 5 levels left

rFire  . . .     SeeInvis .     a - +0 long sword
rCold  . . .     Clarity  .     o - +0 plate armour
rNeg   . . .     SustAt   .     c - +0 shield
rPois  .         Gourm    .     (helmet restricted)
rElec  .         Spirit   .     j - +0 cloak
rCorr  .         Warding  .     k - +0 pair of gloves
rMut   .         Stasis   .     (no boots)
MR     .....                    (no amulet)
Stlth  ..........               (no ring)
                                (no ring)

@: confused, not resistant to hostile enchantments, extremely unstealthy
A: retaliatory headbutt, hooves 1, horns 2, deterioration 1, MP-powered wands
a: no special abilities


You were on level 4 of the Dungeon.
You were not hungry.

You visited 1 branch of the dungeon, and saw 4 of its levels.

You collected 154 gold pieces.

Inventory:

Hand Weapons
 a - a +0 long sword (weapon)
Armour
 b - a +0 scale mail
 c - a +0 shield (worn)
 j - a +0 cloak (worn)
 k - a +0 pair of gloves (worn)
 o - a +0 plate armour (worn)
Scrolls
 f - 6 scrolls of identify
 g - 3 scrolls of remove curse
 h - 5 scrolls of enchant armour {unknown}
 m - a scroll of recharging {unknown}
 p - 2 scrolls of magic mapping {unknown}
 s - a scroll of noise {unknown}
Comestibles
 d - 11 chunks of flesh
 e - 3 bread rations
 l - 3 beef jerkies
 t - a meat ration


   Skills:
 + Level 4.7 Fighting
 + Level 4.0 Long Blades
 + Level 5.7 Armour
 + Level 0.9 Dodging
 + Level 0.1 Stealth
 + Level 5.4 Shields


You had 5 spell levels left.
You didn't know any spells.

Dungeon Overview and Level Annotations

Branches:
Dungeon (4/15)
 Temple: D:4-7

Altars:
Ru


Innate Abilities, Weirdness & Mutations

You reflexively headbutt those who attack you in melee.
You have a pair of horns on your head.
You have large cloven feet.
Your body sometimes deteriorates upon taking damage.
You expend magic power (3 MP) to strengthen your wands.


Message History

You hear some strange, mumbled words.
You are confused.
You're too confused to move!
An orc wizard appears from thin air!
Reactivating autopickup.
You miss the orc wizard. Your headbutt misses the orc wizard.
The orc wizard is heavily wounded.
The orc wizard hits you but does no damage.
Drink which item? (? for menu, Esc to quit)
You feel better. The orc wizard casts a spell at you.
You are confused.
You're too confused to move!
The orc wizard hits you but does no damage.
You miss the orc wizard.
The orc wizard is heavily wounded.
The orc hits you but does no damage. The orc wizard hits you with a dagger.
* * * LOW HITPOINT WARNING * * *
Unknown command.
The ogre hits you with a giant club!!
You die...

#.# #.....#
####.o###.....####
...[.o.)..........
#####O.##.o...#.#
##.##.....#.#####
.o....o.##.o.†......#
........##..........#
...o....##...o......#
..!.....##....oO@...#
...).o..##...oo.....#
.......o#######.#####
##### .[..).... #.#
#.... #.# ##.### #.#
#<.... #.#
###########.# #.#
#............ #.#
#.#.....##.##


You could see an ogre, an orc priest, an orc wizard and 4 orcs.

Vanquished Creatures
  The ghost of SaintRoka the Cudgeler, an amateur OgSk (D:3)
  A scorpion (D:4)
  2 orc wizards (D:4)
  An adder (D:3)
  An ooze (D:2)
  5 worms
  3 giant geckos
  10 orcs
  3 ball pythons
  5 bats
  2 giant cockroaches
  4 hobgoblins
  12 kobolds
  3 quokkas
  5 giant newts
  10 goblins
  8 jackals
  7 rats
83 creatures vanquished.

Notes
Turn   | Place    | Note
--------------------------------------------------------------
     0 | D:1      | Peloso the Minotaur Fighter began the quest for the Orb.
     0 | D:1      | Reached XP level 1. HP: 19/19 MP: 0/0
   246 | D:1      | Reached XP level 2. HP: 25/27 MP: 1/1
   407 | D:1      | Reached skill level 4 in Shields
   870 | D:2      | Reached XP level 3. HP: 33/33 MP: 2/2
   910 | D:2      | Found a sacrificial altar of Ru.
  1426 | D:3      | Reached XP level 4. HP: 36/40 MP: 3/3
  1616 | D:3      | Noticed SaintRoka's ghost (amateur OgSk)
  1914 | D:2      | Gained mutation: You have large cloven feet. [potion of mutation]
  1914 | D:2      | Gained mutation: You expend magic power (3 MP) to strengthen your wands. [potion of mutation]
  1914 | D:2      | Gained mutation: Your body sometimes deteriorates upon taking damage. [potion of mutation]
  1957 | D:3      | Killed SaintRoka's ghost
  1957 | D:3      | Reached skill level 5 in Armour
  1957 | D:3      | Reached skill level 5 in Shields
  1957 | D:3      | Reached XP level 5. HP: 42/47 MP: 4/4
  2350 | D:4      | Reached XP level 6. HP: 51/53 MP: 5/5
  2387 | D:4      | Noticed an ogre
  2405 | D:4      | Mangled by an ogre

Action                   |  1- 3 |  4- 6 || total
-------------------------+-------+-------++-------
Melee: Long sword        |   136 |   121 ||   257
  Use: Scroll            |     5 |       ||     5
       Potion            |       |     6 ||     6
  Eat: Chunk             |     2 |     3 ||     5
